 Dungeon Crawl Stone Soup version 0.32-a0-666-ge8a88695a4 (webtiles) character file.

Game seed: 6777488086157736198

17411 gimp the Thaumaturge (level 12, -10/85 HPs)
             Began as a Djinni Hedge Wizard on Mar 9, 2024.
             Was a Believer of Makhleb.
             Mangled by a warg (21 damage)
             ... on level 10 of the Dungeon.
             The game lasted 00:35:27 (15481 turns).

gimp the Thaumaturge (Djinni Hedge Wizard)         Turns: 15481, Time: 00:35:28

Health: -10/85     AC:  7    Str: 15    XL:     12   Next: 82%
Gold:   611        EV: 14    Int: 26    God:    Makhleb [**....] SH:  0 Dex: 14

rFire   + + +        a - +1 dagger (elec)
rCold   . . .        (no shield)
rNeg    . . .        J - +0 troll leather armour
rPois   ∞            B - +1 helmet
rElec   .            (no cloak)
rCorr   .            w - +0 pair of gloves
SInv    .            (boots unavailable)
Will    +....        (no amulet)
Stlth   ++           f - +6 ring of intelligence
HPRegen 1.14/turn    G - ring of Feoreiw {rF+ rC+ Str+6}
MPRegen 0.00/turn

%: infuse magic (-11 HP)
@: on blink cooldown, flying
A: sickness immunity, fire resistance 2, cold vulnerability 1, float, innate
caster, HP casting, extra vitality 1
a: Renounce Religion, Minor Destruction


You were on level 10 of the Dungeon.
You worshipped Makhleb.
Makhleb was pleased with you.
You visited 4 branches of the dungeon, and saw 15 of its levels.

You collected 735 gold pieces.
You spent 124 gold pieces at shops.

Inventory:

Hand Weapons
 a - a +1 dagger of electrocution (weapon)
 b - a +2 falchion of draining
Armour
 u - +0 swamp dragon scales
 w - a +0 pair of gloves (worn)
 B - a +1 helmet (worn)
 J - a +0 troll leather armour (worn)
Jewellery
 f - a +6 ring of intelligence (left hand)
 F - a ring of ice
 G - the ring of Feoreiw (right hand) {rF+ rC+ Str+6}
   (You took it off a wight on level 9 of the Dungeon)

   [ring of strength]

   Str+6:     It affects your strength (+6).
   rF+:       It protects you from fire.
   rC+:       It protects you from cold.
Wands
 d - a wand of quicksilver (6)
 o - a wand of flame (50)
 y - a wand of polymorph (7)
 H - a wand of digging (7)
Scrolls
 i - a scroll of acquirement {unknown}
 k - 2 scrolls of vulnerability {unknown}
 m - 4 scrolls of blinking
 n - 2 scrolls of enchant weapon {unknown}
 p - a scroll of silence
 q - 2 scrolls of noise {unknown}
 r - 4 scrolls of teleportation
 t - a scroll of fog
 v - 2 scrolls of poison
 D - 2 scrolls of torment {unknown}
Potions
 c - a potion of might {unknown}
 e - 2 potions of berserk rage
 g - 2 potions of lignification
 h - 2 potions of curing
 j - 2 potions of mutation
 l - 3 potions of haste
 s - 3 potions of brilliance
 x - 2 potions of attraction {unknown}
 z - 3 potions of heal wounds
 A - 2 potions of cancellation {unknown}
 C - a potion of resistance


   Skills:
 - Level 7.0 Fighting
 + Level 4.8 Long Blades
 - Level 5.0 Armour
 + Level 7.2 Dodging
 - Level 1.5 Stealth
 - Level 13.0 Spellcasting
 - Level 13.0 Conjurations
 - Level 13.0 Hexes
 - Level 13.0 Summonings
 - Level 13.0 Necromancy
 - Level 13.0 Translocations
 - Level 13.0 Fire Magic
 - Level 13.0 Ice Magic
 - Level 13.0 Air Magic
 - Level 13.0 Earth Magic
 - Level 13.0 Alchemy


You knew the following spells:

 Your Spells              Type           Power      Damage    Failure   Level
a - Magic Dart            Conj           100%       1d8       1%          1
b - Slow                  Hex            100%       N/A       1%          1
c - Blink                 Tloc           100%       N/A       1%          2
d - Call Imp              Summ           100%       N/A       1%          2
e - Mephitic Cloud        Conj/Alch/Air  71%        N/A       1%          3
f - Kiss of Death         Conj/Necr      100%       2d13      1%          1
g - Jinxbite              Hex            100%       N/A       1%          2
h - Scorch                Fire           100%       2d9       1%          2
i - Passage of Golubria   Tloc           71%        N/A       1%          4
j - Animate Armour        Summ/Erth      100%       N/A       1%          4
Your spell library was empty.

Dungeon Overview and Level Annotations

Branches:
Dungeon (11/15)            Temple (1/1) D:6            Lair (2/5) D:8
    Orc (1/2) D:10
  Swamp: Lair:2-3    Shoals: Lair:2-3     Snake: Lair:2-3    Spider: Lair:2-3

Altars:
Ashenzari
Cheibriados
Dithmenos
Elyvilon
Fedhas
Gozag
Hepliaklqana
Makhleb
Nemelex Xobeh
Okawaru
Qazlal
Ru
Trog
Uskayaw
Wu Jian
Xom
Yredelemnul
Zin
The Shining One
Beogh

Shops:
D:5 *

Portals:
Abyss: D:5

Annotations:
D:3 2 runed translucent doors, exclusion: 2 doors, domi's ghost, amateur CoHu
D:5 2 transporters, KSaturn's ghost, amateur HuCj
D:8 1 runed translucent door, exclusion: door, DeathSocks's ghost, novice CoHu
D:10 2 transporters
Orc:1 Erica


Innate Abilities, Weirdness & Mutations

You are immune to sickness and miasma.
You are immune to poison.
Your flesh is very heat resistant. (rF++)
You are vulnerable to cold. (rC-)
You float through the air rather than walking.
You learn spells naturally, not from books.
Your magical power is your life essence.
You have superior vitality. (+4 MHP)


Message History

Health restored: 85
Casting: Mephitic Cloud (safe; 1% risk of failure)
Confirm with . or Enter, or press ? or * to list all spells.
Aiming: Magic Dart (safe; 1% risk of failure)
Press: ? - help, Shift-Dir - straight line, f - orc priest
Aim: an orc priest, wielding a +0 hand axe (100% to hit)
The magic dart hits the orc priest.
The orc priest is heavily wounded.
The orc priest calls down the wrath of Beogh upon you.
Beogh smites you! The orc misses you.
You take 9 damage, and have 76/85 hp.
Casting: Magic Dart (safe; 1% risk of failure)
Confirm with . or Enter, or press ? or * to list all spells.
Aiming: Magic Dart (safe; 1% risk of failure)
Press: ? - help, Shift-Dir - straight line, f/p - orc priest
Aim: an orc priest, wielding a +0 hand axe (heavily wounded, 100% to hit)
The magic dart hits the orc priest.
The orc priest is severely wounded.
The orc priest misses you. The orc hits you with a +0 dagger.
You take 3 damage, and have 73/85 hp.
Casting: Magic Dart (safe; 1% risk of failure)
Confirm with . or Enter, or press ? or * to list all spells.
Aiming: Magic Dart (safe; 1% risk of failure)
Press: ? - help, Shift-Dir - straight line, f/p - orc priest
Aim: an orc priest, wielding a +0 hand axe (severely wounded, 100% to hit)
The magic dart hits the orc priest.
The orc priest is almost dead.
The orc priest hits you with a +0 hand axe.
The orc hits you but does no damage.
You take 2 damage, and have 71/85 hp.
Casting: Magic Dart (safe; 1% risk of failure)
Confirm with . or Enter, or press ? or * to list all spells.
Aiming: Magic Dart (safe; 1% risk of failure)
Press: ? - help, Shift-Dir - straight line, f/p - orc priest
Aim: an orc priest, wielding a +0 hand axe (almost dead, 100% to hit)
The magic dart hits the orc priest!
You kill the orc priest!
Makhleb accepts your kill.
You feel better. The orc closely misses you.
You regained 2 hp, and now have 73/85 hp.
Casting: Magic Dart (safe; 1% risk of failure)
Confirm with . or Enter, or press ? or * to list all spells.
Aiming: Magic Dart (safe; 1% risk of failure)
Press: ? - help, Shift-Dir - straight line, f - orc
Aim: an orc, wielding a +0 dagger and wearing a +0 ring mail (100% to hit)
The magic dart hits the orc!
You kill the orc!
Makhleb accepts your kill.
Casting: Magic Dart (safe; 1% risk of failure)
Confirm with . or Enter, or press ? or * to list all spells.
You can't see any susceptible monsters within range! (Use Z to cast anyway.) HP restored.
Partly explored, unvisited transporter.
Health restored: 85 You fly downwards.
Welcome back to the Orcish Mines!
Level annotation: Erica The orc warrior shouts!
The orc shouts!
The orc priest shouts!
The ogre shouts!
The kobold blastminer shoots a bolt.
The bolt hits you! The warg completely misses you. The warg closely misses you.
An orc warrior comes into view. It is wielding a +0 glaive.
The orc wizard points at you and mumbles some strange words.
You are confused.
Erica mumbles some strange words.
Erica flickers and vanishes!
Deactivating autopickup; reactivate with Ctrl-A.
The warg bites you but does no damage. The warg bites you!
The kobold blastminer shoots a bolt.
The bolt closely misses you.
The kobold blastminer shoots a bolt.
The bolt hits you!
You hear a shout!
There is a staircase back to the Dungeon here.
You take 33 damage, and have 52/85 hp.
MASSIVE DAMAGE!!
You feel better. The warg misses you. The warg bites you.
The orc throws a boomerang.
The boomerang closely misses you.
An orc wizard comes into view. It is wielding a +0 dagger.
The kobold blastminer blasts its cannon at you.
The iron shot hits you!
The kobold blastminer is knocked back by the blast.
The kobold blastminer shoots a bolt.
The bolt hits you.
You take 13 damage, and have 39/85 hp.
The warg bites you! The warg bites you but does no damage.
The orc throws a boomerang.
The boomerang closely misses you.
The orc priest begins to cast a cantrip, but forgets the words!
The ogre closely misses you.
The orc warrior throws a boomerang.
The boomerang hits you but does no damage.
The warg bites you!
* * * LOW HITPOINT WARNING * * *
The warg misses you.
The kobold blastminer shoots a bolt.
The bolt misses you.
You fly upwards.
Welcome back to the Dungeon!
Level annotation: 2 transporters Reactivating autopickup.
There is a staircase to the Orcish Mines here.
You take 20 damage, and have 19/85 hp.
MASSIVE DAMAGE!!
Casting: Magic Dart (safe; 1% risk of failure)
Confirm with . or Enter, or press ? or * to list all spells.
You blink.
* * * LOW HITPOINT WARNING * * *
The warg bites you!
* * * LOW HITPOINT WARNING * * *
The warg bites you!!
You die...

..................≈..............
.......##########.≈≈≈≈...........
.......#........#................
.......#........#.......#'######.
.......#........#######.#......#.
.......#..............#.#......#.
.......####...........#.#......#.
..........#...........#.#.....##.
..........#.....@.....#.#.....#..
.....####.#....h.h....#.#.....#..
.....# #.#....)§.....#.#######..
###..# #.'.....O.....#÷.........
'_#..# #.#...#########..........
###..# #.#...#...............###
....#####.#...#........>......#..
..........#...#...........<...'..
..........##'##...#+###''#....#..


You could see 2 wargs and an ogre.

Vanquished Creatures
  A catoblepas (Lair:1)
  Nergalle (D:10)
  3 elephants (Lair:2)
  2 black mambas (Lair:1)
  An unseen horror (D:11)
  3 cane toads (Lair:1)
  A troll (D:11)
  3 polar bears (D:9)
  Grinder (D:5)
  4 wyverns
  13 yaks
  A basilisk (Lair:1)
  2 steam dragons
  9 water moccasins
  A black bear (Lair:1)
  2 orc warriors
  5 ice beasts
  A wolf (D:9)
  5 centaurs
  A phantom (D:5)
  2 kobold brigands
  A bullfrog (D:8)
  3 gnoll sergeants
  6 scorpions
  8 wights
  8 killer bees
  6 electric eels
  3 bombardier beetles
  A wyvern simulacrum (D:9)
  A gnoll bouda (D:8)
  4 hounds
  5 jellies
  5 orc priests
  An iguana (D:5)
  A sleepcap (D:5)
  3 hell rats (Lair:1)
  13 orc wizards
  15 gnolls
  9 adders
  A shadow imp (D:3)
  5 white imps
  3 ufetubi
  3 ribbon worms
  3 dart slugs
  19 orcs
  6 bats
  7 endoplasms
  5 giant cockroaches
  8 goblins
  8 hobgoblins
  4 jackals
  6 quokkas
  5 ball pythons
  2 frilled lizards
  19 kobolds
  8 rats
267 creatures vanquished.

Vanquished Creatures (collateral kills)
  A boulder beetle (D:11)
  2 two-headed ogres (D:10)
  An elephant (Lair:2)
  A gargoyle (D:10)
  A cane toad (Lair:1)
  A basilisk (Lair:2)
  4 yaks
  2 steam dragons
  An orc warrior (D:7)
  An ogre (D:4)
  2 centaurs (D:10)
  A scorpion (D:7)
  A wight (D:9)
  A killer bee (D:8)
  A gnoll bouda (D:5)
  2 hell rats (Lair:1)
  2 gnolls (D:8)
  A ribbon worm (D:2)
  3 orcs
  A goblin (D:6)
  A hobgoblin (D:6)
31 creatures vanquished.

Vanquished Creatures (others)
  A basilisk (Lair:1)
1 creature vanquished.

Grand Total: 299 creatures vanquished

Notes
Turn   | Place    | Note
-------+----------+-------------------------------------------
     0 | D:1      | gimp the Djinni Hedge Wizard began the quest for the Orb.
     0 | D:1      | gimp set off with the following spells memorised: Magic
                  | Dart, Slow, Blink, Call Imp, Mephitic Cloud.
     0 | D:1      | Reached XP level 1. HP: 15/15 MP: 0/0
   257 | D:1      | Reached XP level 2. HP: 21/22 MP: 0/0
   401 | D:1      | Reached skill level 1 in Fighting
   524 | D:1      | Reached XP level 3. HP: 22/27 MP: 0/0
   524 | D:1      | Learned a level 1 spell: Kiss of Death
  1238 | D:2      | Reached XP level 4. HP: 27/32 MP: 0/0
  1857 | D:3      | Found a basalt altar of Yredelemnul.
  1921 | D:3      | Reached XP level 5. HP: 31/38 MP: 0/0
  1921 | D:3      | Learned a level 2 spell: Jinxbite
  2073 | D:3      | Reached XP level 6. HP: 43/45 MP: 0/0
  2385 | D:3      | Found a runed translucent door.
  2390 | D:3      | Noticed domi's ghost (amateur CoHu)
  2526 | D:3      | Found a white marble altar of Elyvilon.
  2619 | D:3      | Found a runed translucent door.
  2819 | D:4      | Found a stormy altar of Qazlal.
  2859 | D:4      | Reached skill level 5 in Spellcasting
  2859 | D:4      | Reached skill level 5 in Conjurations
  2859 | D:4      | Reached skill level 5 in Hexes
  2859 | D:4      | Reached skill level 5 in Summonings
  2859 | D:4      | Reached skill level 5 in Necromancy
  2859 | D:4      | Reached skill level 5 in Translocations
  2859 | D:4      | Reached skill level 5 in Fire Magic
  2859 | D:4      | Reached skill level 5 in Ice Magic
  2859 | D:4      | Reached skill level 5 in Air Magic
  2859 | D:4      | Reached skill level 5 in Earth Magic
  2859 | D:4      | Reached skill level 5 in Alchemy
  3040 | D:4      | Noticed an ogre
  3055 | D:4      | Killed an ogre
  3056 | D:4      | Reached XP level 7. HP: 49/51 MP: 0/0
  3056 | D:4      | Learned a level 2 spell: Scorch
  3060 | D:4      | Noticed a steam dragon
  3078 | D:4      | Killed a steam dragon
  4039 | D:5      | Entered Level 5 of the Dungeon
  4039 | D:5      | Noticed Grinder
  4081 | D:5      | Found Dugack's Assorted Antiques.
  4108 | D:5      | Bought a scroll labelled CEAK KA YSCHE for 32 gold pieces
  4108 | D:5      | Bought a scroll labelled YKUMIWN FUIG for 32 gold pieces
  4108 | D:5      | Bought a scroll labelled WADITT PORR for 32 gold pieces
  4108 | D:5      | Bought a sedimented green potion for 28 gold pieces
  4151 | D:5      | Reached XP level 8. HP: 55/58 MP: 0/0
  4160 | D:5      | Found a transporter.
  4182 | D:5      | Killed Grinder
  4203 | D:5      | Reached skill level 5 in Fighting
  4307 | D:5      | Found an iron altar of Okawaru.
  4432 | D:5      | Found a one-way gate to the infinite horrors of the Abyss.
  4432 | D:5      | Noticed KSaturn's ghost (amateur HuCj)
  4443 | D:5      | Noticed a small abomination
  4446 | D:5      | Found a transporter.
  4918 | D:5      | Found a broken altar of Ashenzari.
  5032 | D:6      | Found a staircase to the Ecumenical Temple.
  5069 | D:6      | Reached XP level 9. HP: 44/66 MP: 0/0
  5069 | D:6      | Learned a level 4 spell: Passage of Golubria
  5077 | Temple   | Entered the Ecumenical Temple
  5241 | D:6      | Found a sparkling altar of Nemelex Xobeh.
  5604 | D:6      | Noticed Maggie
  5614 | D:6      | Maggie changed into Maggie the steam dragon
  5614 | D:6      | Noticed Maggie
  6296 | D:6      | Killed Maggie the steam dragon
  6656 | D:7      | Noticed a +0 hand axe
  6656 | D:7      | Noticed a +0 hand axe
  6660 | D:7      | Found a hide-covered altar of Uskayaw.
  7419 | D:7      | Found a glowing silver altar of Zin.
  7461 | D:7      | Found an ornate altar of the Wu Jian Council.
  7768 | D:8      | Reached XP level 10. HP: 45/75 MP: 0/0
  8418 | D:8      | Reached skill level 10 in Spellcasting
  8418 | D:8      | Reached skill level 10 in Conjurations
  8418 | D:8      | Reached skill level 10 in Hexes
  8418 | D:8      | Reached skill level 10 in Summonings
  8418 | D:8      | Reached skill level 10 in Necromancy
  8418 | D:8      | Reached skill level 10 in Translocations
  8418 | D:8      | Reached skill level 10 in Fire Magic
  8418 | D:8      | Reached skill level 10 in Ice Magic
  8418 | D:8      | Reached skill level 10 in Air Magic
  8418 | D:8      | Reached skill level 10 in Earth Magic
  8418 | D:8      | Reached skill level 10 in Alchemy
  8648 | D:8      | Found a runed translucent door.
  8653 | D:8      | Noticed DeathSocks's ghost (novice CoHu)
  8696 | D:8      | Found a staircase to the Lair.
  9433 | D:9      | Reached skill level 1 in Armour
 10081 | D:9      | Identified the ring of Feoreiw {rF+ rC+ Str+6}
 10809 | D:9      | Reached XP level 11. HP: 50/79 MP: 0/0
 10809 | D:9      | Learned a level 4 spell: Animate Armour
 11111 | D:9      | Found a burning altar of Makhleb.
 11111 | D:9      | Noticed a blizzard demon
 11116 | D:9      | Became a worshipper of Makhleb the Destroyer
 11579 | D:10     | Entered Level 10 of the Dungeon
 11579 | D:10     | Noticed a two-headed ogre
 11854 | D:10     | Found a transporter.
 11872 | D:10     | Noticed Nergalle
 11872 | D:10     | Killed a two-headed ogre
 11893 | D:10     | Noticed a two-headed ogre
 11893 | D:10     | Noticed an ogre mage
 11894 | D:10     | Killed Nergalle
 11895 | D:10     | Reached skill level 5 in Armour
 11900 | D:10     | Noticed an ogre mage
 11974 | D:10     | Found a roughly hewn altar of Beogh.
 11974 | D:10     | Found a transporter.
 12010 | D:10     | Noticed a two-headed ogre
 12273 | D:10     | Found a hazy altar of Hepliaklqana.
 12644 | D:10     | Noticed a two-headed ogre
 12660 | D:10     | Killed a two-headed ogre
 12843 | D:10     | Found a staircase to the Orcish Mines.
 12891 | D:10     | Found an opulent altar of Gozag.
 12898 | D:10     | Found a snail-covered altar of Cheibriados.
 13085 | D:11     | Noticed a boulder beetle
 13100 | D:11     | Killed a boulder beetle
 13101 | D:11     | Reached skill level 1 in Long Blades
 13101 | D:11     | Reached XP level 12. HP: 77/85 MP: 0/0
 13465 | D:11     | Reached * piety under Makhleb
 13702 | Lair:1   | Entered Level 1 of the Lair of Beasts
 13869 | Lair:1   | Reached skill level 5 in Dodging
 13973 | Lair:1   | Noticed a catoblepas
 14008 | Lair:1   | Killed a catoblepas
 15137 | Lair:2   | Reached ** piety under Makhleb
 15200 | Lair:2   | Noticed a four-headed hydra
 15456 | Orc:1    | Entered Level 1 of the Orcish Mines
 15456 | Orc:1    | Noticed Erica
 15481 | D:10     | Mangled by a warg

Illustrated notes

Levels and vault maps discovered:
D:1:      roderic_crossed_star, layout_basic
D:2:      layout_loops_ring
D:3:      layout_rooms, elyvilon_altar_3, yredelemnul_altar_generic,
          ebering_ghost_sewer_f, minmay_guardbox
D:4:      layout_basic, mainiacjoe_overflow_paths
D:5:      layout_loops_ring, mainiacjoe_overflow_alcove_4,
          mainiacjoe_overflow_concentric_impassable,
          gammafunk_ghost_abyssal_escape, serial_shops, shop,
          amcnicky_mini_corridor_feature, uniq_grinder
D:6:      layout_loops_corners, lemuel_round_altar, minmay_temple_entry_grid,
          kennysheep_decorative_pillar, chequers_mini_garden,
          corexii_checkpoint, uniq_maggie
D:7:      layout_basic, amcnicky_altar_gilded, dancing_weapons_uskayaw,
          zin_statuary, minmay_tree_intersection
D:8:      layout_basic, lair_entry_dummy, ebering_ghost_reflecting_pool,
          nicolae_grassy_gnolls
D:9:      layout_basic, makhleb_altar_promises_db, serial_ice, serial_ice_j,
          serial_ice_f, serial_ice_a, serial_ice_m
D:10:     gammafunk_beogh_shrine, layout_irregular_city, kennysheep_mini_moat,
          amethyst_overflow_temple_binary, orc_0_dummy,
          chequers_serial_rivers_micro_d, uniq_nergalle
D:11:     layout_gridville, nicolae_tricolors
Temple:   hellmonk_temple_rainy
Lair:1:   layout_cave_pods, serial_bayou_lake_a
Lair:2:   layout_long_grid, minmay_snake_entry_guardpost_medium
Orc:1:    layout_caves, special_room [special_room_bee], serial_shops, shop,
          shop, uniq_erica

Skill      XL: |  1  2  3  4  5  6  7  8  9 10 11 12 |
---------------+-------------------------------------+-----
Fighting       | 1 2 3 4 5 7 |  7.0
Spellcasting   | 4 5 6 7 9 11 12 13 | 13.0
Conjurations   | 4 5 6 7 9 11 12 13 | 13.0
Hexes          | 4 5 6 7 9 11 12 13 | 13.0
Summonings     | 4 5 6 7 9 11 12 13 | 13.0
Necromancy     | 4 5 6 7 9 11 12 13 | 13.0
Translocations | 4 5 6 7 9 11 12 13 | 13.0
Fire Magic     | 4 5 6 7 9 11 12 13 | 13.0
Ice Magic      | 4 5 6 7 9 11 12 13 | 13.0
Air Magic      | 4 5 6 7 9 11 12 13 | 13.0
Earth Magic    | 4 5 6 7 9 11 12 13 | 13.0
Alchemy        | 4 5 6 7 9 11 12 13 | 13.0
Armour         | 3 5 |  5.0
Dodging        | 4 7 |  7.2
Long Blades    | 1 4 |  4.8
Stealth        | |  1.5

Action                     |  1- 3 |  4- 6 |  7- 9 | 10-12 || total
---------------------------+-------+-------+-------+-------++-------
  Melee: Dagger            |     4 |    16 |    32 |   238 ||   290
         Falchion          |       |       |       |     5 ||     5
   Cast: Magic Dart        |    69 |   131 |   257 |   217 ||   674
         Call Imp          |     2 |     2 |    14 |    31 ||    49
         Mephitic Cloud    |       |     1 |    11 |    43 ||    55
         Blink             |       |     1 |     1 |     4 ||     6
         Scorch            |       |       |    25 |    86 ||   111
         Kiss of Death     |       |       |     1 |       ||     1
         Jinxbite          |       |       |       |     2 ||     2
         Animate Armour    |       |       |       |    32 ||    32
  Evoke: Wand              |       |       |     3 |     6 ||     9
    Use: Scroll            |       |       |    11 |     5 ||    16
         Potion            |       |       |     1 |     3 ||     4
   Stab: Confused          |       |       |     2 |    17 ||    19
         Distracted        |       |       |       |     2 ||     2
 Armour: Robe              |     5 |    28 |    12 |       ||    45
         Swamp dragon scal |       |       |    78 |   181 ||   259
         Troll leather arm |       |       |       |   111 ||   111
  Dodge: Dodged            |    16 |    12 |    41 |   228 ||   297

Table legend: (Time is in decaauts)
 A = Elapsed time spent in this place.
 B = Non-inter-level travel time spent in this place.
 C = Inter-level travel time spent in this place.
 D = Time resting spent in this place.
 E = Time spent auto-exploring this place.
 F = Levels seen in this place.
 G = Mean time per level.
                   A        B        C        D        E       F      G
               +--------+--------+--------+--------+--------+-----+--------+
         Total |  15479 |  14775 |    704 |      9 |  12055 |  15 | 1031.9 |
       Dungeon |  13806 |  13235 |    571 |      9 |  11057 |  11 | 1255.1 |
        Temple |     13 |     13 |      0 |      0 |      0 |   1 |   13.0 |
          Lair |   1653 |   1521 |    132 |      0 |    998 |   2 |  826.5 |
  Orcish Mines |      6 |      6 |      0 |      0 |      0 |   1 |    6.0 |
               +--------+--------+--------+--------+--------+-----+--------+

Top non-repeatable levels by time:
     D:9: 2330 daAuts
     D:8: 1821 daAuts
     D:6: 1419 daAuts
  Lair:1: 1384 daAuts
    D:10: 1325 daAuts
     D:4: 1241 daAuts
     D:5: 1163 daAuts
     D:7: 1097 daAuts
     D:2: 1048 daAuts
     D:1: 921 daAuts
     D:3: 832 daAuts
    D:11: 604 daAuts
  Lair:2: 269 daAuts
  Temple: 13 daAuts
   Orc:1: 6 daAuts
